Map: Ruines de Seras

Players

Worming - Winner!

  • Race: Zerg Zerg
  • League: Diamond

BexyChobo

  • Race: Zerg Zerg
  • League: Master

VOD

Have the link to the VOD?

Description

Time

  • Played on: Dec. 17, 2015, 1:55 p.m.
  • Length: 14:21
Show
View Real Time Build Order
Export as new Build Order

Worming Zerg - Winner!

Build Orders: Hatch First, Zergling Baneling 

Get SALT Encoding   

  12  0:00  Drone  
  13  0:12  Overlord  
  13  0:18  Drone  
  14  0:32  Drone x2  
  17  0:35  Drone  
  17  0:55  Hatchery  
  16  0:57  Drone  
  16  1:00  Drone  
  16  1:03  Extractor  
  17  1:17  Spawning Pool  
  16  1:19  Drone  
  17  1:31  Drone x2  
  19  1:45  Overlord  
  19  1:50  Drone  
  20  2:04  Spine Crawler  
  20  2:06  Metabolic Boost  
  20  2:08  Spine Crawler  
  18  2:10  Queen  
  18  2:14  Zergling x2  
  21  2:17  Zergling x2  
  21  2:20  Zergling x2  
  23  2:32  Zergling x2  
  23  2:33  Baneling Nest  
  22  3:04  Zergling x4  
  22  3:05  Zergling x2  
  22  3:14  Queen x2  
  22  3:17  Zergling x4  
  27  3:40  Zergling x8  
  29  3:53  Zergling x4  
  29  3:54  Zergling x2  
  25  4:15  Baneling x2  
  24  4:17  Zergling x2  
  24  4:18  Zergling x4  
  24  4:23  Baneling x3  
  25  4:42  Drone x8  
  33  4:52  Baneling x4  
  33  4:53  Zergling x4  
  35  5:05  Spine Crawler  
  34  5:08  Zergling x4  
  34  5:12  Lair  
  36  5:16  Overlord  
  34  5:25  Zergling x2  
  29  5:36  Extractor  
  29  5:41  Hatchery  
  27  5:44  Zergling x2  
  28  6:03  Baneling x4  
  27  6:24  Zergling x4  
  27  6:39  Zergling x2  
  29  6:40  Zergling x6  
  29  6:44  Baneling x3  
  29  6:45  Baneling  
  30  6:53  Drone x4  
  30  6:54  Drone x4  
  38  7:07  Spine Crawler  
  36  7:18  Spire  
  35  7:40  Drone x4  
  39  7:47  Overlord  
  39  7:57  Baneling  
  38  8:12  Zergling x4  
  39  8:13  Zergling x4  
  40  8:22  Zergling x10  
  40  8:29  Mutalisk x2  
  40  8:34  Baneling x3  
  38  8:37  Mutalisk  
  23  9:11  Queen x2  
  25  9:18  Drone x7  
  25  9:21  Hatchery  
  31  9:35  Roach Warren  
  30  9:42  Drone x3  
  33  10:13  Drone x6  
  39  10:18  Evolution Chamber  
  39  10:20  Queen  
  39  10:21  Evolution Chamber  
  40  10:42  Overlord x2  
  38  10:57  Zergling x12  
  38  10:58  Zergling x2  
  38  11:02  Roach x5  
  52  11:07  Zerg Missile Weapons Level 1  
  52  11:10  Zergling x2  
  46  11:31  Drone x6  
  52  11:46  Baneling x2  
  52  11:47  Baneling  
  52  11:48  Baneling x3  
  52  12:02  Zergling x6  
  39  12:45  Roach x6  
  39  12:46  Roach  
  51  12:53  Hatchery  
  50  13:13  Overlord  
  50  13:17  Roach x5  
  58  13:39  Roach x5  
  63  13:44  Baneling x2  
  62  13:51  Roach  
  58  13:56  Drone  
  58  13:58  Drone  
Show
View Real Time Build Order
Export as new Build Order

BexyChobo Zerg 

Build Orders: Pool First, Zergling Baneling 

Get SALT Encoding   

  12  0:01  Drone  
  13  0:11  Drone  
  14  0:15  Extractor  
  13  0:31  Spawning Pool  
  13  0:35  Drone  
  13  0:40  Drone  
  14  0:49  Overlord  
  14  1:08  Drone x2  
  14  1:10  Drone  
  17  1:20  Metabolic Boost  
  17  1:28  Queen  
  17  1:32  Zergling x2  
  20  1:35  Zergling x2  
  21  1:44  Baneling Nest  
  20  1:47  Zergling x2  
  20  1:52  Zergling x2  
  22  2:06  Overlord  
  22  2:26  Zergling x4  
  24  2:35  Baneling  
  24  2:36  Baneling  
  24  2:39  Zergling x2  
  24  2:40  Zergling x2  
  26  2:52  Spine Crawler  
  26  2:55  Zergling x6  
  24  3:10  Zergling x2  
  24  3:18  Zergling x4  
  24  3:19  Zergling x2  
  26  3:21  Hatchery  
  24  3:29  Zergling x2  
  24  3:36  Zergling x2  
  25  3:44  Baneling  
  25  3:45  Baneling x2  
  24  3:51  Zergling x2  
  21  4:11  Zergling x4  
  22  4:19  Baneling  
  22  4:20  Baneling  
  22  4:25  Zergling x6  
  24  4:41  Zergling x4  
  24  4:44  Zergling x4  
  28  4:50  Baneling x4  
  28  4:56  Baneling x3  
  28  4:57  Baneling x2  
  28  5:01  Zergling x6  
  24  5:27  Zergling x4  
  24  5:28  Zergling x8  
  26  5:31  Baneling x2  
  25  5:46  Zergling x8  
  29  6:00  Drone x2  
  29  6:01  Zergling x2  
  32  6:17  Overlord  
  32  6:20  Zergling x4  
  33  6:46  Baneling x3  
  33  6:47  Baneling  
  33  6:50  Drone x2  
  33  6:51  Drone, Zergling x4  
  33  6:52  Zergling x2  
  36  7:32  Baneling  
  36  7:33  Baneling x5  
  36  7:35  Zergling x16  
  36  7:37  Overlord  
  43  7:40  Baneling  
  42  7:57  Zergling x2  
  42  7:58  Zergling x8  
  32  8:48  Spore Crawler  
  32  8:50  Spore Crawler x2  
  32  8:51  Spore Crawler x2  
  32  8:53  Spore Crawler, Drone x5  
  32  8:54  Zergling x2  
  23  9:11  Lair  
  23  9:14  Drone x2  
  23  9:24  Drone x5  
  28  9:31  Drone  
  30  9:38  Drone x2  
  30  9:44  Queen  
  33  9:56  Overlord  
  33  10:03  Overlord  
  33  10:18  Zergling x2  
  33  10:19  Zergling x14  
  41  10:27  Extractor  
  40  10:33  Drone  
  41  10:46  Extractor  
  41  10:47  Hydralisk Den  
  41  10:49  Drone  
  40  10:51  Drone x2  
  40  10:56  Drone x3  
  38  11:26  Zergling x2  
  38  11:27  Zergling x14  
  38  11:31  Hydralisk x3  
  50  11:45  Overlord x4  
  50  12:10  Hydralisk  
  50  12:11  Hydralisk x9  
  46  12:42  Drone x3  
  46  12:43  Hydralisk x4  
  53  12:48  Drone x2  
  55  12:59  Zergling x6  
  55  13:02  Drone  
  59  13:11  Zergling x6  
  62  13:19  Drone x2  
  60  13:37  Zergling x2  
  60  13:38  Zergling x4  
  60  13:40  Zergling x2  
  59  13:41  Queen  
  58  13:54  Zergling x6  
Tags
 
Add a new tag
Caveats
  • Supply blocks, unpowered buildings, or Contaminate may cause inaccurate times.
  • Supply counts are checked every 10 seconds.